[Event "Early-Titled-Tuesday-Blitz-October-24-2023"]
[Site "Chess.com"]
[Date "2023.10.24"]
[Round "9"]
[White "Kostya0705"]
[Black "verrbaa"]
[Result "0-1"]
[WhiteElo "2592"]
[BlackElo "2452"]
[TimeControl "180+1"]
[EndTime "9:41:03 PDT"]
[Termination "verrbaa won by resignation"]

1. e4 e5 2. Nf3 Nc6 3. Bc4 Nf6 4.
d4 exd4 5. e5 d5 6. Bb5 Ne4 7.
Nxd4 Bd7 8. Bxc6 bxc6 9. O-O Be7 10. f3 Nc5 11. f4 Ne4 12. Nd2 Nxd2 13. Bxd2 c5 14. Nf3 O-O 15. Qe2 Bf5 16. c3 Rb8 17.
Be3 Qc8 18. Rfd1 Rd8 19. h3 h6 20. Bf2 Qb7 21. b3 a5 22. Rd2 Ra8 23. Re1 a4 24. g4 Be4 25. f5 axb3 26. axb3 Qxb3 27. Qe3 Ra3 28. f6 Bf8 29. Nh4 Re8 30. Rc1 Rxe5 31.
Bg3 Re6 32. fxg7 Bxg7 33. Qxc5 Bxc3 34. Rf2 Ba5 35. Bf4 Bb6 0-1

[Event "Early-Titled-Tuesday-Blitz-October-24-2023"]
[Site "Chess.com"]
[Date "2023.10.24"]
[Round "9"]
[White "mbachez"]
[Black "zeebraa"]
[Result "1-0"]
[WhiteElo "2504"]
[BlackElo "2349"]
[TimeControl "180+1"]
[EndTime "9:41:04 PDT"]
[Termination "mbachez won by resignation"]

1. e4 e5 2. Nf3 Nc6 3. Bb5 a6 4. Ba4 Nf6 5. d3 Be7 6. O-O d6 7. Re1 b5 8. Bb3 O-O 9. c3 Nb8 10. Nbd2 Nbd7 11. Nf1 h6 12. Ng3 Re8 13. Nh4 Bb7 14.
Nhf5 Bf8 15. Qf3 Nc5 16. Bc2 d5 17. b4 dxe4 18. dxe4 Ne6 19. Rd1 Bd6 20. h4 Nf4 21. Nxd6 cxd6 22. Bxf4 exf4 23. Qxf4 Qe7 24. Nf5 Qe5 25.
Qxe5 Rxe5 26. Nxd6 Bc6 27. Bb3 Nxe4 28. Nxf7 Rh5 29.
Ne5+ Kh7 30. Nxc6 Rxh4 31. Rd4 g5 32. Bc2 1-0

[Event "Early-Titled-Tuesday-Blitz-October-24-2023"]
[Site "Chess.com"]
[Date "2023.10.24"]
[Round "9"]
[White "ideika"]
[Black "amanjazu"]
[Result "0-1"]
[WhiteElo "2254"]
[BlackElo "2410"]
[TimeControl "180+1"]
[EndTime "9:41:05 PDT"]
[Termination "amanjazu won by checkmate"]

1. e4 Nf6 2. e5 Nd5 3. d4 d6 4. c4 Nb6 5. f4 dxe5 6. fxe5 g6 7.
Nf3 Bg7 8. Nc3 Bg4 9. h3 Bxf3 10. gxf3 c5 11. dxc5 N6d7 12. Nd5 Nxe5 13. f4 Nec6 14. Bg2 e6 15. Nc3 Qh4+ 16. Kf1 Bd4 17. Qg4 Qf2# 0-1

[Event "Early-Titled-Tuesday-Blitz-October-24-2023"]
[Site "Chess.com"]
[Date "2023.10.24"]
[Round "9"]
[White "N4700000"]
[Black "Magila31"]
[Result "1-0"]
[WhiteElo "2555"]
[BlackElo "2398"]
[TimeControl "180+1"]
[EndTime "9:41:06 PDT"]
[Termination "N4700000 won on time"]

1. e4 g6 2. d4 Bg7 3. Nf3 d6 4.
c4 c5 5. d5 e6 6. Nc3 Nf6 7. Bd3 exd5 8. cxd5 O-O 9. O-O a6 10.
a4 Nbd7 11. h3 Re8 12. Re1 Qc7 13. Bf4 c4 14. Bc2 Nh5 15. Bh2 Ne5 16. Nd4 Nd3 17.
Bxd3 Bxd4 18. Be2 Qc5 19. Bxh5 Bxf2+ 20. Kh1 gxh5 21. Qxh5 Bxe1 22. Qg5+ Kf8 23. Rxe1 Bd7 24. Qf6 Kg8 25. Bxd6 Qb6 26. a5 1-0

[Event "Early-Titled-Tuesday-Blitz-October-24-2023"]
[Site "Chess.com"]
[Date "2023.10.24"]
[Round "9"]
[White "maurovargas01"]
[Black "HouseOfDurin"]
[Result "0-1"]
[WhiteElo "1872"]
[BlackElo "2298"]
[TimeControl "180+1"]
[EndTime "9:41:12 PDT"]
[Termination "HouseOfDurin won on time"]

1. e4 c5 2. Nc3 Nc6 3. f4 e5 4. Nf3 exf4 5. Bb5 g6 6. Bxc6 dxc6 7. d3 Bh6 8. O-O Be6 9. Ne2 Qc7 10. Qe1 Nf6 11. Qh4 Nh5 12. Bd2 Qe7 13. Qe1 O-O 14.
Nh4 g5 15. Nf5 Bxf5 16. exf5 Rae8 17. Rf2 Qf6 18. Bc3 Qxf5 19. Qd1 Bg7 20. g4 Qxg4+ 21. Rg2 Qf5 22. Ng3 Nxg3 23. hxg3 f3 24. Rf2 g4 25. Qf1 Bd4 26. Bxd4 cxd4 27. Rh2 Re3 28. Re1 Rfe8 29. Rxe3 dxe3 30. Qe1 f2+ 31. Rxf2 Qxf2+ 32. Qxf2 exf2+ 33. Kxf2 Kg7 0-1

[Event "Early-Titled-Tuesday-Blitz-October-24-2023"]
[Site "Chess.com"]
[Date "2023.10.24"]
[Round "9"]
[White "pedro_gines"]
[Black "CristianS27"]
[Result "1-0"]
[WhiteElo "2747"]
[BlackElo "2560"]
[TimeControl "180+1"]
[EndTime "9:41:14 PDT"]
[Termination "pedro_gines won on time"]

1. Nf3 Nf6 2. b3 g6 3. Bb2 Bg7 4. g3 c5 5. Bg2 d6 6. d4 cxd4 7. Nxd4 d5 8. O-O O-O 9. c4 e5 10. Nf3 e4 11. Nd4 Nc6 12. cxd5 Qxd5 13. Nxc6 Qxc6 14.
Nc3 Bf5 15. Rc1 Rfd8 16. Qe1 Qe6 17. Nb5 Qb6 18. Na3 e3 19. f3 Rac8 20. Rxc8 Rxc8 21. Nc4 Qa6 22. g4 Be6 23. g5 Nh5 24. Bxg7 Nxg7 25. Nxe3 Qxa2 26. Qb4 Qxe2 27. Re1 Qa2 28. Ng4 Bxg4 29.
fxg4 Ne6 30. Qxb7 Rc2 31. Qb8+ 1-0

[Event "Early-Titled-Tuesday-Blitz-October-24-2023"]
[Site "Chess.com"]
[Date "2023.10.24"]
[Round "9"]
[White "ExcitingTrap"]
[Black "balachess2006"]
[Result "1-0"]
[WhiteElo "2422"]
[BlackElo "2568"]
[TimeControl "180+1"]
[EndTime "9:41:14 PDT"]
[Termination "ExcitingTrap won by resignation"]

1. e4 c5 2. Nf3 Nc6 3. d4 cxd4 4. Nxd4 g6 5. c4 Nf6 6. Nc3 Nxd4 7. Qxd4 d6 8. Be3 Bg7 9. Qd2 O-O 10. Bd3 Ng4 11. Bf4 Be6 12. O-O Rc8 13. b3 Re8 14. Rac1 Qa5 15. h3 Ne5 16. Bb1 a6 17. Qe3 b5 18. cxb5 axb5 19. Nd5 Bxd5 20. exd5 b4 21. Rfd1 Rxc1 22. Qxc1 Nd7 23. Qc6 Rd8 24. Be3 Nc5 25. Bg5 Bf6 26. Bxf6 exf6 27. Re1 Qa7 28. Qb5 Rb8 29. Qc6 Rb6 30. Qe8+ Kg7 31. Re7 Qxe7 32. Qxe7 Ra6 33. Qc7 h5 34. Qb8 1-0

[Event "Early-Titled-Tuesday-Blitz-October-24-2023"]
[Site "Chess.com"]
[Date "2023.10.24"]
[Round "9"]
[White "gueraumasague"]
[Black "rajesh1464"]
[Result "0-1"]
[WhiteElo "2482"]
[BlackElo "2341"]
[TimeControl "180+1"]
[EndTime "9:41:15 PDT"]
[Termination "rajesh1464 won by resignation"]

1. e4 c5 2. Nc3 b6 3. g3 Bb7 4. Bg2 e6 5. d3 Nf6 6. Nh3 Be7 7. O-O d6 8. f4 Qc8 9. g4 Nc6 10. g5 Nd7 11. f5 Nde5 12. fxe6 fxe6 13. Ne2 Qd7 14.
c3 O-O-O 15. d4 Ng6 16. Ng3 Nh4 17. Bh1 cxd4 18. cxd4 d5 19. Qg4 Ng6 20. exd5 Nxd4 21. Be3 e5 22. Rac1+ Kb8 23. Qxd7 Rxd7 24. Rf7 Rf8 25.
Rxf8+ Bxf8 26. Nf2 Bc5 27. Nfe4 Ne2+ 28. Nxe2 Bxe3+ 29. Kf1 Bxc1 30. Nxc1 0-1

[Event "Early-Titled-Tuesday-Blitz-October-24-2023"]
[Site "Chess.com"]
[Date "2023.10.24"]
[Round "9"]
[White "lluiss"]
[Black "Gyulamiryan-koryun"]
[Result "1-0"]
[WhiteElo "2201"]
[BlackElo "1946"]
[TimeControl "180+1"]
[EndTime "9:41:18 PDT"]
[Termination "lluiss won by resignation"]

1. Nf3 Nc6 2. d4 e6 3. e4 d5 4.
e5 Nge7 5. c3 g6 6. Nbd2 Bg7 7.
Bd3 a6 8. Nf1 b5 9. Ng3 Na5 10. h4 Nc4 11. h5 Nf5 12. hxg6 hxg6 13. Rxh8+ Bxh8 14. Nxf5 gxf5 15. b3 Na5 16. Bg5 f6 17. exf6 Bxf6 18. Qd2 Nb7 19. O-O-O c5 20.
Re1 c4 21. Bxf5 Kf7 22. Ne5+ Kf8 23. Bh6+ Bg7 24. Ng6+ Kg8 25. Bxe6+ Bxe6 26. Rxe6 Kh7 27. Ne7 Nd6 28. Bxg7 Kxg7 29. Qg5+ Kf8 30. Qh6+ Kf7 31. Qf6+ Ke8 32. Nc6+ Kd7 33. Rxd6+ Kc7 34. Nxd8 Rxd8 35. Qxd8+ 1-0

[Event "Early-Titled-Tuesday-Blitz-October-24-2023"]
[Site "Chess.com"]
[Date "2023.10.24"]
[Round "9"]
[White "WhiteKnight2612"]
[Black "IMRosen"]
[Result "1-0"]
[WhiteElo "2835"]
[BlackElo "2606"]
[TimeControl "180+1"]
[EndTime "9:41:19 PDT"]
[Termination "WhiteKnight2612 won on time"]

1. Nf3 d5 2. g3 Nf6 3. Bg2 e6 4. O-O Be7 5. d3 c5 6. Nbd2 Nc6 7. e4 Qc7 8. Re1 b6 9. e5 Nd7 10. Qe2 Bb7 11. Nf1 h6 12. h4 a5 13. Bf4 a4 14. a3 O-O-O 15. h5 Ba6 16. c4 dxc4 17. dxc4 Qa7 18. Qc2 Bb7 19. Rad1 Rhe8 20. Qh7 Rg8 21. Ne3 Na5 22. Nd2 Bxg2 23. Kxg2 Qb7+ 24. Kh2 f5 25.
Qg6 Qc6 26. Nxf5 exf5 27. Qxf5 Rgf8 28. Qg4 Kb7 29. Ne4 Nxc4 30. Qxg7 Rfe8 31. e6 Nf8 32. Rxd8 Nxe6 33. Rxe8 Nxg7 34. Rxe7+ Ka6 35. Rxg7 Nxb2 36. Rg6 Qd5 37. Rb1 Nc4 38. Nf6 Qf5 39. Re1 Nxa3 40. Re5 Qc2 41. Be3 Nc4 42. Rxc5 1-0

[Event "Early-Titled-Tuesday-Blitz-October-24-2023"]
[Site "Chess.com"]
[Date "2023.10.24"]
[Round "9"]
[White "jk13"]
[Black "brm72"]
[Result "1-0"]
[WhiteElo "2681"]
[BlackElo "2568"]
[TimeControl "180+1"]
[EndTime "9:41:19 PDT"]
[Termination "jk13 won by checkmate"]

1. e4 c5 2. c3 d5 3. exd5 Qxd5 4. d4 Nf6 5. Nf3 e6 6. Na3 cxd4 7. Nb5 Qd8 8. Nbxd4 Be7 9. Bd3 O-O 10.
O-O b6 11. Bg5 Bb7 12. Qe2 h6 13. Bh4 Qc8 14. Rfe1 Nc6 15. Rad1 Nxd4 16. Nxd4 Nd5 17. Bg3 Rd8 18. Bb1 Nf6 19. Be5 Qc5 20. Qc2 Kf8 21. h3 Rd5 22. Qe2 Rad8 23. a3 a6 24. Ba2 R5d7 25. Bxe6 Rxd4 26. cxd4 Qc6 27. d5 Qc5 28. b4 Qb5 29. Qxb5 axb5 30. d6 fxe6 31. dxe7+ Kxe7 32. Rxd8 Kxd8 33. Bxf6+ gxf6 34. Rxe6 Bd5 35. Rd6+ Ke7 36. Rxd5 Ke6 37. Rxb5 f5 38. Rxb6+ Kf7 39. a4 h5 40. a5 h4 41. a6 f4 42. a7 f3 43.
a8=Q fxg2 44. Qa7+ Kg8 45. Rb8# 1-0

[Event "Early-Titled-Tuesday-Blitz-October-24-2023"]
[Site "Chess.com"]
[Date "2023.10.24"]
[Round "9"]
[White "Bilan_Danila"]
[Black "Giorno"]
[Result "1-0"]
[WhiteElo "2431"]
[BlackElo "2533"]
[TimeControl "180+1"]
[EndTime "9:41:19 PDT"]
[Termination "Bilan_Danila won by checkmate"]

1. d4 d5 2. Nf3 Nf6 3. c4 e6 4. Nc3 Be7 5. Bg5 O-O 6. e3 Nbd7 7. Bd3 Re8 8. Qc2 Nf8 9. Ne5 Ng6 10. f4 dxc4 11. Bxc4 Nd5 12. Bxe7 Rxe7 13. Nxd5 exd5 14. Bd3 f6 15. Nxg6 hxg6 16. Bxg6 Rxe3+ 17. Kf2 Re7 18.
Rae1 Be6 19. h4 Qd6 20. g3 Bf7 21. h5 Rae8 22. Bxf7+ Kxf7 23. Qg6+ Kf8 24. h6 Kg8 25. h7+ Kh8 26. Qxe8+ Rxe8 27. Rxe8+ Qf8 28. Rxf8# 1-0

[Event "Early-Titled-Tuesday-Blitz-October-24-2023"]
[Site "Chess.com"]
[Date "2023.10.24"]
[Round "9"]
[White "LeoLV10"]
[Black "whiteglovethief"]
[Result "1-0"]
[WhiteElo "2568"]
[BlackElo "2438"]
[TimeControl "180+1"]
[EndTime "9:41:20 PDT"]
[Termination "LeoLV10 won by resignation"]

1. e4 e6 2. d4 d5 3. e5 c5 4. c3 Nc6 5. Nf3 Qb6 6. a3 c4 7.
Be2 Na5 8. Nbd2 Bd7 9. Rb1 Be7 10. O-O Nh6 11. Re1 f5 12. exf6 Bxf6 13. Nf1 O-O-O 14.
Ng3 Nf5 15. Bf4 Nd6 16. Ne5 g5 17. Be3 Nb3 18. Nh5 Rhf8 19. Qc2 Ne4 20. Nxf6 Rxf6 21.
f3 Ba4 22. fxe4 Qa5 23. exd5 Nxd4 24. Qxh7 Bc2 25. Qe7 Nxe2+ 26. Rxe2 Bxb1 27. Qxf6 Qxd5 28. Bd4 g4 29. Ng6 Kb8 30. Qe5+ Qxe5 31. Nxe5 Bf5 32.
Re1 Rd5 33. Nxc4 1-0

[Event "Early-Titled-Tuesday-Blitz-October-24-2023"]
[Site "Chess.com"]
[Date "2023.10.24"]
[Round "9"]
[White "KorolDimitriy75"]
[Black "rdarruda"]
[Result "0-1"]
[WhiteElo "2352"]
[BlackElo "2535"]
[TimeControl "180+1"]
[EndTime "9:41:20 PDT"]
[Termination "rdarruda won on time"]

1. d4 Nf6 2. c4 e5 3. dxe5 Ne4 4.
Nd2 Nc5 5. Ngf3 Nc6 6. e3 d6 7. exd6 Bxd6 8. Be2 Qf6 9. Nb3 Bf5 10. Nxc5 Bxc5 11. O-O O-O 12. Qb3 b6 13. Bd2 a5 14. Bc3 Qe7 15. Qa4 Qe6 16. Ng5 Qg6 17. Bf3 Qxg5 18. Qxc6 Bd6 19. Rfd1 Rad8 20. g3 h5 21. Rd5 Qg6 22. Rad1 h4 23. Bg2 h3 24. Bh1 Be4 0-1

[Event "Early-Titled-Tuesday-Blitz-October-24-2023"]
[Site "Chess.com"]
[Date "2023.10.24"]
[Round "9"]
[White "Sharan_Rao"]
[Black "Alenzer"]
[Result "1-0"]
[WhiteElo "2599"]
[BlackElo "2062"]
[TimeControl "180+1"]
[EndTime "9:41:20 PDT"]
[Termination "Sharan_Rao won on time"]

1. d4 d5 2. e3 c5 3. Nf3 Nf6 4. c3 e6 5. Nbd2 Bd6 6. Bd3 O-O 7. O-O Nbd7 8. Qe2 c4 9. Bc2 b5 10. e4 dxe4 11. Nxe4 Ne8 12. Nxd6 Nxd6 13. Bf4 Nb6 14. Bxh7+ Kxh7 15. Ng5+ Kg6 16. Qg4 f5 17. Qg3 Kf6 18. Bxd6 Rh8 19. Be5+ Ke7 20. Nf7 Kxf7 21. Qxg7+ Ke8 22.
Qxh8+ Kd7 23. Qg7+ Kc6 24. b3 Bd7 25. a4 bxa4 26. bxa4 Nd5 27. a5 a6 28. Rfc1 Ra7 29. Rab1 Qxa5 30. Qf8 1-0

[Event "Early-Titled-Tuesday-Blitz-October-24-2023"]
[Site "Chess.com"]
[Date "2023.10.24"]
[Round "9"]
[White "PinaSoprano"]
[Black "Matols"]
[Result "1-0"]
[WhiteElo "2244"]
[BlackElo "2381"]
[TimeControl "180+1"]
[EndTime "9:41:22 PDT"]
[Termination "PinaSoprano won by resignation"]

1. d4 d5 2. c4 e6 3. Nf3 Nf6 4.
Nc3 Be7 5. Bg5 O-O 6. e3 Nbd7 7. Rc1 h6 8. Bf4 c5 9. cxd5 Nxd5 10. Bg3 Nxc3 11.
bxc3 b6 12. Bd3 Bb7 13. O-O Rc8 14. e4 cxd4 15. cxd4 Nf6 16. Qe2 Ba3 17. Rcd1 Qe7 18. Bh4 g5 19. Nxg5 hxg5 20. Bxg5 e5 21. Qf3 Rc6 22.
Bb5 Rd6 23. Qxa3 Bxe4 24. dxe5 Qxe5 25. Qxd6 Qxg5 26. Qg3 Qxg3 27. fxg3 Kg7 28. Rf4 Bg6 29. h3 Rc8 30. Rc4 Rxc4 31. Bxc4 Ne4 32. g4 Nc3 33. Rd7 a5 34. h4 b5 35. Bd5 Nxd5 36. Rxd5 1-0

[Event "Early-Titled-Tuesday-Blitz-October-24-2023"]
[Site "Chess.com"]
[Date "2023.10.24"]
[Round "9"]
[White "Doomfist26"]
[Black "Nyzhnyk_Illia"]
[Result "0-1"]
[WhiteElo "2661"]
[BlackElo "2877"]
[TimeControl "180+1"]
[EndTime "9:41:23 PDT"]
[Termination "Nyzhnyk_Illia won by checkmate"]

1. e4 c5 2. Nf3 d6 3. Bb5+ Nd7 4.
O-O a6 5. Bxd7+ Bxd7 6. c3 Nf6 7.
Re1 Bg4 8. d4 cxd4 9. cxd4 e6 10. Nc3 d5 11. e5 Nd7 12. h3 Bh5 13. Qb3 Qb6 14. Qxb6 Nxb6 15. Nd2 Rc8 16. a3 Bg6 17. Nb3 Nc4 18. f4 Nxa3 19. bxa3 Rxc3 20. Na5 b6 21. Nb7 Rc2 22. Rf1 Kd7 23. Rf2 Rxf2 24. Kxf2 Kc7 25.
Nd6 Bxd6 26. exd6+ Kxd6 27. a4 Rc8 28. Ba3+ Kd7 29. Rc1 Rxc1 30. Bxc1 Bc2 31. a5 bxa5 32. Ke3 Kc6 33. Kd2 Be4 34. g3 h5 35. Kc3 h4 36.
gxh4 g6 37. Ba3 Bg2 38. Bc5 Bxh3 39. Be7 Bf1 40. Ba3 Bc4 41. Be7 Kd7 42. Ba3 a4 43.
Bf8 Bb5 44. Kb4 Ke8 45. Bc5 f6 46. Kc3 Kf7 47. Bb6 Bc4 48. Kb4 Bb3 49. Bd8 a5+ 50. Kc3 Bc4 51. Kb2 e5 52. fxe5 fxe5 53. dxe5 Ke6 54. Bc7 d4 55. Ka3 Bb3 56. Kb2 Kd5 57. Ka3 d3 58. Bxa5 Kxe5 59. Kb2 Ke4 60. Kc1 Ke3 61.
Bd2+ Ke2 62. Bb4 a3 63. Kb1 d2 64. Bxd2 Kxd2 65. Ka1 Ke3 66. Kb1 Kf4 67. Ka1 Kg4 68. Kb1 Kxh4 69. Ka1 g5 70. Kb1 g4 71. Ka1 g3 72.
Kb1 g2 73. Ka1 g1=Q# 0-1

[Event "Early-Titled-Tuesday-Blitz-October-24-2023"]
[Site "Chess.com"]
[Date "2023.10.24"]
[Round "9"]
[White "xxysoul6"]
[Black "GM_DarwinLaylo"]
[Result "1-0"]
[WhiteElo "2983"]
[BlackElo "2636"]
[TimeControl "180+1"]
[EndTime "9:41:25 PDT"]
[Termination "xxysoul6 won by resignation"]

1. d4 d5 2. c4 c6 3. cxd5 cxd5 4. Nc3 Nc6 5. Bg5 h6 6. Bh4 Nf6 7. e3 e6 8. Bd3 Be7 9. Nf3 a6 10. Rc1 Na5 11. Ne5 b5 12. O-O Bb7 13. a4 b4 14. Ne2 Ne4 15. Bxe7 Qxe7 16. Bxe4 dxe4 17. Rc5 Qd8 18. Qe1 Qb6 19. Nf4 Rd8 20. Qe2 O-O 21.
Qh5 Nc6 22. a5 Nxa5 23. Ng4 Nb3 24. Nxh6+ gxh6 25. Qxh6 f5 26. Nxe6 1-0

[Event "Early-Titled-Tuesday-Blitz-October-24-2023"]
[Site "Chess.com"]
[Date "2023.10.24"]
[Round "9"]
[White "nihalsarin"]
[Black "Zhigalko_Sergei"]
[Result "1-0"]
[WhiteElo "3126"]
[BlackElo "2959"]
[TimeControl "180+1"]
[EndTime "9:41:26 PDT"]
[Termination "nihalsarin won on time"]

1. a3 d5 2. Nf3 Nf6 3. e3 e6 4. b4 Bd6 5. Bb2 O-O 6. c4 b6 7. cxd5 exd5 8. Be2 Re8 9. O-O Bb7 10. b5 Nbd7 11. d3 Rc8 12. Nbd2 c5 13. bxc6 Bxc6 14.
Nd4 Bb7 15. N2f3 Nc5 16. a4 Qd7 17. h3 Bb8 18. Ra2 a6 19. Qa1 h6 20. Rb1 Nh7 21.
Bc3 Bc7 22. Nb3 Ne6 23. Nbd4 Nc5 24. Nh4 Qd6 25. g3 f6 26. Ndf5 Qf8 27. Bh5 d4 28. Bxd4 Ng5 29. Ng6 Qf7 30. Nge7+ Qxe7 31. Nxe7+ Rxe7 32. Bxc5 1-0

[Event "Early-Titled-Tuesday-Blitz-October-24-2023"]
[Site "Chess.com"]
[Date "2023.10.24"]
[Round "9"]
[White "pankajfm"]
[Black "DKmirl"]
[Result "0-1"]
[WhiteElo "2167"]
[BlackElo "2292"]
[TimeControl "180+1"]
[EndTime "9:41:28 PDT"]
[Termination "DKmirl won by resignation"]

1. e4 c5 2. Nc3 Nc6 3. g3 g6 4.
Bg2 Bg7 5. d3 Nf6 6. Be3 d6 7. h3 O-O 8. f4 Nd7 9. Nf3 Rb8 10. O-O b5 11. Rb1 a5 12. g4 b4 13.
Ne2 a4 14. Ng3 Nd4 15. Nxd4 cxd4 16. Bd2 Nc5 17. f5 b3 18. axb3 axb3 19. g5 Ba6 20. f6 exf6 21. gxf6 Bxf6 22. Bh6 Bg7 23. Bxg7 Kxg7 24. c4 dxc3 25. bxc3 Bxd3 26. Qg4 Bxf1 27. Bxf1 Ne6 28. Bc4 Kh8 29. Kh2 b2 30. Bxe6 fxe6 31. Qxe6 Qf6 32. Qxf6+ Rxf6 33. Kg2 Rff8 34. Nf1 Rfc8 35.
Kf2 Rxc3 36. Ne3 Rbb3 37. Nd1 Rxh3 38. Kg2 Rhd3 0-1

[Event "Early-Titled-Tuesday-Blitz-October-24-2023"]
[Site "Chess.com"]
[Date "2023.10.24"]
[Round "9"]
[White "howitzer14"]
[Black "DarZay"]
[Result "1-0"]
[WhiteElo "2927"]
[BlackElo "2264"]
[TimeControl "180+1"]
[EndTime "9:41:31 PDT"]
[Termination "howitzer14 won on time"]

1. e4 c5 2. Bc4 Nc6 3. Nf3 e5 4. d3 d6 5. Ng5 Nh6 6. Nc3 Be7 7. h4 a6 8. a4 Nd4 9. Be3 Qb6 10. Nd5 Qxb2 11.
Bxd4 cxd4 12. Nc7+ Kf8 13. Nxa8 Qc3+ 14. Kf1 Bd8 15.
Rb1 Qa5 16. Bd5 f6 17. Ne6+ Bxe6 18. Bxe6 b6 19. Qh5 Ke7 20. Bd5 Qc5 21. Rh3 Qxc2 22.
Re1 b5 23. Rg3 Ba5 24. Rxg7+ Kd8 25. Qxh6 1-0

[Event "Early-Titled-Tuesday-Blitz-October-24-2023"]
[Site "Chess.com"]
[Date "2023.10.24"]
[Round "9"]
[White "alexrustemov"]
[Black "abhidabhi"]
[Result "0-1"]
[WhiteElo "2775"]
[BlackElo "2905"]
[TimeControl "180+1"]
[EndTime "9:41:35 PDT"]
[Termination "abhidabhi won on time"]

1. d4 Nf6 2. c4 c5 3. d5 b5 4. cxb5 a6 5. e3 g6 6. Nc3 Bg7 7. a4 O-O 8. Nf3 e6 9. e4 exd5 10. exd5 Re8+ 11. Be2 axb5 12. Nxb5 d6 13. O-O Na6 14.
Bf4 Ne4 15. Bd3 Qf6 16. Qc1 Nb4 17. Bxe4 Rxe4 18. Bxd6 Bb7 19. Qxc5 Nxd5 20. b3 Rg4 21. Bg3 Nf4 22. Qe3 Bh6 23. Nbd4 Nh3+ 24. gxh3 Bxe3 25. fxe3 Re4 26. Ne5 Qg5 27. Rae1 Rxe5 0-1

[Event "Early-Titled-Tuesday-Blitz-October-24-2023"]
[Site "Chess.com"]
[Date "2023.10.24"]
[Round "9"]
[White "Harry_Rakkel"]
[Black "Sanyura"]
[Result "1-0"]
[WhiteElo "2710"]
[BlackElo "2585"]
[TimeControl "180+1"]
[EndTime "9:41:40 PDT"]
[Termination "Harry_Rakkel won on time"]

1. Nf3 Nf6 2. c4 g6 3. Nc3 Bg7 4. g3 O-O 5. Bg2 d6 6. d4 Nbd7 7. O-O e5 8. e4 exd4 9. Nxd4 Nc5 10. Re1 Ng4 11. Re2 Ne5 12. b3 Bg4 13. Be3 Bxe2 14. Ndxe2 Re8 15. h3 a5 16. a4 c6 17. Qc2 Ned3 18. Rd1 Nb4 19. Qb1 Qe7 20. Kh2 Rad8 21. Rd2 Qc7 22. Bg5 Rd7 23. Qd1 Ne6 24. Be3 c5 25. Nb5 Qd8 26. Nxd6 Ree7 27. f4 Nd4 28. e5 Nxe2 29. Qxe2 b6 30. Bd5 Bxe5 31. fxe5 Rxe5 32. Nxf7 1-0

[Event "Early-Titled-Tuesday-Blitz-October-24-2023"]
[Site "Chess.com"]
[Date "2023.10.24"]
[Round "9"]
[White "motivated_bishop"]
[Black "EvgenyBurmakin"]
[Result "0-1"]
[WhiteElo "2523"]
[BlackElo "2369"]
[TimeControl "180+1"]
[EndTime "9:41:41 PDT"]
[Termination "EvgenyBurmakin won by checkmate"]

1. d4 Nf6 2. c4 g6 3. Nc3 Bg7 4. e4 d6 5. f3 O-O 6. Be3 Nc6 7. Nge2 a6 8. Qd2 Rb8 9. Rc1 Bd7 10. b3 b5 11. cxb5 axb5 12. d5 Ne5 13. Nd4 b4 14. Ncb5 e6 15. Nxc7 exd5 16. Nxd5 Nxd5 17. exd5 Re8 18.
Be2 Qa5 19. O-O Qxd5 20. Rfd1 Qa5 21. Bh6 Bxh6 22. Qxh6 Qxa2 23. f4 Ng4 24. Qg5 Rxe2 25. Nxe2 Qxe2 26. Re1 Qf2+ 27. Kh1 h6 28. Qe7 Re8 29.
Qxe8+ Bxe8 30. Rxe8+ Kg7 31. Ree1 Qxf4 32. Kg1 Qxh2+ 33.
Kf1 Qh1+ 34. Ke2 Qxg2+ 35. Kd3 Ne5+ 36. Kd4 Qd2+ 37. Ke4 Qd3+ 38. Kf4 Qf3# 0-1

[Event "Early-Titled-Tuesday-Blitz-October-24-2023"]
[Site "Chess.com"]
[Date "2023.10.24"]
[Round "9"]
[White "Pumpkin_in_moonlight"]
[Black "kingapolak"]
[Result "1-0"]
[WhiteElo "2357"]
[BlackElo "2154"]
[TimeControl "180+1"]
[EndTime "9:41:41 PDT"]
[Termination "Pumpkin_in_moonlight won by resignation"]

1. e4 c5 2. Nf3 Nc6 3. c3 d5 4.
exd5 Qxd5 5. d4 Bg4 6. Be2 Nf6 7. Be3 cxd4 8. cxd4 e6 9. Nc3 Qa5 10. O-O Be7 11.
h3 Bf5 12. Qb3 Qb4 13. Qxb4 Bxb4 14. Ne5 O-O 15. Bf3 Rac8 16. Rac1 Rfd8 17. Rfd1 Bxc3 18. bxc3 Nxe5 19. dxe5 Nd5 20. Bxa7 Nxc3 21. Rxd8+ Rxd8 22. Rxc3 f6 23. exf6 gxf6 24. Be3 b5 25. Rc7 b4 26. Rb7 1-0

[Event "Early-Titled-Tuesday-Blitz-October-24-2023"]
[Site "Chess.com"]
[Date "2023.10.24"]
[Round "9"]
[White "Mariia89"]
[Black "MasterKroket"]
[Result "0-1"]
[WhiteElo "2168"]
[BlackElo "2516"]
[TimeControl "180+1"]
[EndTime "9:41:42 PDT"]
[Termination "MasterKroket won on time"]

1. d4 Nf6 2. Nf3 g6 3. c4 Bg7 4. Nc3 O-O 5. e4 d6 6. Be2 e5 7. O-O Nc6 8. d5 Ne7 9. b4 a5 10.
Ba3 axb4 11. Bxb4 b6 12. a4 Nd7 13. a5 Nc5 14. axb6 Rxa1 15. Qxa1 cxb6 16. Bxc5 bxc5 17. Nb5 f5 18. Nd2 Bh6 19. Qa2 Bxd2 20. Qxd2 fxe4 21. Qe3 Rf4 22. g3 Nf5 23. Qc3 Nd4 24. Nxd4 exd4 25. Qc1 Rf8 26. f4 Bh3 27. Re1 Qf6 28. Bf1 Bxf1 29.
Kxf1 e3 30. Qb1 g5 31. Kg2 gxf4 32. gxf4 Qxf4 33. h3 Qf3+ 34. Kh2 Qf2+ 35. Kh1 e2 36. Rg1+ Kh8 37. Qc1 Qxg1+ 0-1

[Event "Early-Titled-Tuesday-Blitz-October-24-2023"]
[Site "Chess.com"]
[Date "2023.10.24"]
[Round "9"]
[White "AlexandraSamaganova"]
[Black "Ducke13"]
[Result "0-1"]
[WhiteElo "2326"]
[BlackElo "2447"]
[TimeControl "180+1"]
[EndTime "9:41:46 PDT"]
[Termination "Ducke13 won on time"]

1. c4 Nf6 2. Nc3 g6 3. g3 c5 4. Bg2 Bg7 5. e3 O-O 6. Nge2 d6 7. O-O h5 8. h3 Nc6 9. d4 Bf5 10. a3 Qc8 11. Kh2 cxd4 12. exd4 e5 13. Nb5 Rd8 14.
d5 Na5 15. b3 a6 16. Nbc3 b5 17.
cxb5 axb5 18. Nxb5 Bc2 19. Qd2 Nxb3 20. Qb4 Nxa1 21.
Bg5 Nb3 22. Nxd6 Qb8 23. Nb5 Nd4 24. Nexd4 exd4 25. d6 Bd3 26. Bxa8 Bxf1 27. Nc7 Qxb4 28. axb4 Rxd6 29. Kg1 Bxh3 30. Nb5 Rd8 0-1

[Event "Early-Titled-Tuesday-Blitz-October-24-2023"]
[Site "Chess.com"]
[Date "2023.10.24"]
[Round "9"]
[White "Juicy_Fork"]
[Black "falzehope0"]
[Result "1-0"]
[WhiteElo "2446"]
[BlackElo "2325"]
[TimeControl "180+1"]
[EndTime "9:41:48 PDT"]
[Termination "Juicy_Fork won by resignation"]

1. e4 d5 2. exd5 Nf6 3. Bb5+ Nbd7 4. Nc3 a6 5. Be2 b5 6. a3 Bb7 7. Nf3 Nb6 8. O-O g6 9. d4 Bg7 10. Re1 O-O 11. Bf4 Nfxd5 12. Nxd5 Nxd5 13. Bg3 Rc8 14. c4 bxc4 15. Bxc4 e6 16. b4 Nc3 17. Qd3 Bxf3 18. Qxc3 Bb7 19. Rad1 Qg5 20. h4 Qf5 21. Rd3 Rfd8 22.
Be5 Bf8 23. Rg3 Rd7 24. Rg5 Bd5 25. Rxf5 exf5 26. Bxd5 Rxd5 27. Qc6 Rdd8 28. Qf6 1-0

[Event "Early-Titled-Tuesday-Blitz-October-24-2023"]
[Site "Chess.com"]
[Date "2023.10.24"]
[Round "9"]
[White "BardArtem"]
[Black "Khromkin"]
[Result "1-0"]
[WhiteElo "2685"]
[BlackElo "2511"]
[TimeControl "180+1"]
[EndTime "9:41:50 PDT"]
[Termination "BardArtem won by resignation"]

1. e4 c5 2. c3 d5 3. exd5 Qxd5 4. d4 Nc6 5. Nf3 Bg4 6. dxc5 Qxd1+ 7. Kxd1 Nf6 8. Be3 e5 9. b4 O-O-O+ 10. Kc2 Nd5 11. Nbd2 h6 12. h3 Bf5+ 13. Kb2 Nxe3 14. fxe3 g6 15. e4 Be6 16. Bc4 Re8 17. Bxe6+ Rxe6 18. Rhf1 f5 19. exf5 gxf5 20. Nh4 f4 21. Rae1 Be7 22. Nf5 Rg8 23. Re2 Rg5 24. Nxe7+ Rxe7 25. Ne4 Rgg7 26. Nd6+ Kd7 27. Nf5 Ke6 28. Nxg7+ Rxg7 29. Rxf4 Rxg2 30.
Rf6+ Kxf6 31. Rxg2 e4 32. Kc2 Ke5 33. Kd2 Ne7 34. Rg7 Nd5 35. Rxb7 e3+ 36. Kd3 e2 37. Kxe2 Nxc3+ 38. Kd3 Nxa2 39. Kc4 Nc1 40. Re7+ 1-0